 Dungeon Crawl Stone Soup version 0.20-a0-1039-gf554463 (webtiles) character file.

41 Duffy the Skirmisher (level 3, 0/34 HPs)
             Began as a Naga Fighter on Apr 22, 2017.
             Slain by Robin
             ... wielding a +2 whip of electrocution
              (3 damage)
             ... on level 2 of the Dungeon.
             The game lasted 00:00:49 (824 turns).

Duffy the Skirmisher (Naga Fighter)                  Turns: 824, Time: 00:00:49

Health: 0/34       AC:  5    Str: 19    XL:     3   Next: 52%
Magic:  3/3        EV:  5    Int:  8    God:
Gold:   71         SH:  9    Dex: 10    Spells: 2/2 levels left

rFire    . . .     SeeInvis +   a - +0 war axe
rCold    . . .     Gourm    .   c - +0 shield
rNeg     . . .     Faith    .   b - +0 scale mail
rPois    +         Spirit   .   (no helmet)
rElec    .         Reflect  .   g - +0 cloak
rCorr    .         Harm     .   (no gloves)
MR       .....                  (no barding)
Stlth    ..........             (no amulet)
Regen    0.2/turn               (no ring)
MPRegen  0.1/turn               (no ring)

@: short of breath, very slow
A: see invisible, deformed body, poison resistance, slowness 2, slow metabolism
1, spit poison 1, AC +1
a: Spit Poison


You were on level 2 of the Dungeon.
You were not hungry.

You visited 1 branch of the dungeon, and saw 2 of its levels.

You collected 71 gold pieces.

Inventory:

Hand Weapons
 a - a +0 war axe (weapon)
Armour
 b - a +0 scale mail (worn)
 c - a +0 shield (worn)
 g - a +0 cloak (worn)
Scrolls
 i - a scroll of enchant weapon {unknown}
 j - a scroll of remove curse
 m - a scroll of random uselessness {unknown}
Potions
 d - a potion of might
 e - a potion of lignification {unknown}
 k - a potion of haste {unknown}
Comestibles
 f - a bread ration
 h - a chunk of flesh
 l - 4 fruits


   Skills:
 - Level 3.0 Fighting
 + Level 3.0 Axes
 - Level 2.4 Armour
 + Level 3.0 Shields


You had 2 spell levels left.
You didn't know any spells.

Dungeon Overview and Level Annotations

Branches:
Dungeon (2/15)

Altars:

Annotations:
D:2 Robin


Innate Abilities, Weirdness & Mutations

You cannot wear boots.
Your serpentine skin is tough. (AC +1)
You have supernaturally acute eyesight. (SInv)
Armour fits poorly on your strangely shaped body.
Your system is resistant to poisons. (rPois)
You cover ground very slowly.
You have a slow metabolism.
You can spit poison.


Message History

You are too injured to fight recklessly!
You are too injured to fight recklessly!
You are too injured to fight recklessly!
You are too injured to fight recklessly!
You are too injured to fight recklessly!
You are too injured to fight recklessly!
You are too injured to fight recklessly!
You are too injured to fight recklessly!
You are too injured to fight recklessly!
You are too injured to fight recklessly!
You are too injured to fight recklessly!
You are too injured to fight recklessly!
You are too injured to fight recklessly!
Press: ? - help, Shift-Dir - straight line, f - Robin
Aim: Robin, wielding a whip of electrocution, wearing an animal skin and wearing a helmet (moderately wounded)
The splash of poison hits Robin.
Robin is poisoned.
Robin is severely wounded.
You feel slightly more hungry.
Robin hits you with a whip of electrocution.
You die...

### ########.#
...gggg@.#
###############.#
#.............#.#
#.########.##.#.#
#..........##.#.#
####....##.##.#.######
#..'.....#.#...........
#.##.....#.#..#.#######
#.##.....#.#..#.#


You could see Robin, a hobgoblin and 2 goblins.

Vanquished Creatures
  An adder (D:2)
  4 leopard geckos (D:1)
  6 bats
  7 goblins
  4 hobgoblins
  3 kobolds (D:1)
  A frilled lizard (D:2)
  A rat (D:1)
27 creatures vanquished.

Notes
Turn   | Place    | Note
-------+----------+-------------------------------------------
     0 | D:1      | Duffy the Naga Fighter began the quest for the Orb.
     0 | D:1      | Reached XP level 1. HP: 21/21 MP: 1/1
   166 | D:1      | Reached XP level 2. HP: 21/28 MP: 2/2
   508 | D:1      | Reached XP level 3. HP: 34/34 MP: 3/3
   814 | D:2      | Noticed Robin
   824 | D:2      | Slain by Robin

Vault maps used:
D:1:      sevenhm_arrival_forest_fort_small_3
D:2:      lemuel_doored_altar, xom_teletrap_fun, grunt_ministairs_3,
          nicolae_ru_awakened_eye, uniq_natasha, uniq_robin

Skill      XL: |  1  2  3 |
---------------+----------+-----
Axes           | 3 |  3.0
Shields        | 3 |  3.0
Fighting       | |  3.0
Armour         | |  2.4

Action                   || total
-------------------------++-------
Melee: War axe           ||    85
 Abil: Spit Poison       ||     1
  Use: Scroll            ||     1
Armor: Scale mail        ||    50
Dodge: Dodged            ||    22
Block: Shield            ||    43
